 Dungeon Crawl Stone Soup version 0.29-a0-284-gf9362112df (webtiles) character file.

Game seed: 17483872521833182110

12 being54 the Sneak (level 2, -1/13 HPs)
             Began as a Spriggan Enchanter on Mar 22, 2022.
             Slain by a hobgoblin (5 damage)
             ... on level 1 of the Dungeon.
             The game lasted 00:02:13 (352 turns).

being54 the Sneak (Spriggan Enchanter)               Turns: 352, Time: 00:02:13

Health: -1/13      AC:  2    Str:  4    XL:     2   Next: 20%
Magic:  0/6        EV: 17    Int: 16    God:
Gold:   16         SH:  0    Dex: 15    Spells: 4/6 levels left

rFire   . . .      SeeInvis +   a - +1 dagger
rCold   . . .      Faith    .   (no shield)
rNeg    . . .      Spirit   +   b - +0 robe
rPois   .          Reflect  .   (helmet restricted)
rElec   .          Harm     .   (no cloak)
rCorr   .          Rampage  .   (gloves unavailable)
Will    .....                   (boots unavailable)
Stlth   +++.......              d - amulet of guardian spirit
HPRegen 0.04/turn               (no ring)
MPRegen 0.10/turn               (no ring)

@: very quick
A: very small, no large weapons, unfitting armour, see invisible, speed 3
a: no special abilities


You were on level 1 of the Dungeon.
You visited 1 branch of the dungeon, and saw 1 of its levels.

You collected 16 gold pieces.

Inventory:

Hand Weapons
 a - a +1 dagger (weapon)
Armour
 b - a +0 robe (worn)
Jewellery
 d - an amulet of guardian spirit (around neck)
Scrolls
 e - a scroll of fog {unknown}
Potions
 c - 2 potions of invisibility


   Skills:
 - Level 1.2 Short Blades
 - Level 2.8 Dodging
 * Level 5.1 Stealth
 - Level 2.7 Spellcasting
 + Level 3.9 Hexes


You had 4 spell levels left.
You knew the following spells:

 Your Spells              Type           Power      Damage    Failure   Level
a - Ensorcelled Hibernat  Hex/Ice        16%        N/A       13%         2

Your spell library contained the following spells:

 Spells                   Type           Power      Damage    Failure   Level
 Confusing Touch          Hex            14%        N/A       12%         3
 Tukima's Dance           Hex            14%        N/A       12%         3
 Dazzling Flash           Conj/Hex       16%        N/A       26%         3


Dungeon Overview and Level Annotations

Branches:
Dungeon (1/15)

Altars:


Innate Abilities, Weirdness & Mutations

You are very small and have problems with some larger weapons.
You are too small for most types of armour.
You have supernaturally acute eyesight. (SInv)
You cover ground extremely quickly. (Speed+++)


Message History

HP restored.
Memorise Ensorcelled Hibernation, consuming 2 spell levels and leaving 4?
You start memorising the spell.
You continue memorising. x2
You finish memorising.
Spell assigned to 'a'.
Things that are here:
a +0 dagger; 3 stones; a kobold skeleton
There is a stone staircase leading down here.
Found 20 stones.
A kobold and a rat come into view.
The kobold shouts!
An endoplasm comes into view.
A hobgoblin comes into view.
The kobold hits you with a +0 dagger.
The hobgoblin shouts!
The endoplasm quivers.
You hit the kobold but do no damage. The kobold hits you with a +0 dagger.
You barely miss the kobold. The kobold closely misses you.
You barely miss the kobold. The kobold hits you with a +0 dagger.
The endoplasm misses you.
Casting: Ensorcelled Hibernation (safe; 13% risk of failure)
Confirm with . or Enter, or press ? or * to list all spells.
Aiming: Ensorcelled Hibernation (safe; 13% risk of failure)
Press: ? - help, Shift-Dir - straight line, f - endoplasm
Aim: an endoplasm (chance to affect: 59%)
The endoplasm looks drowsy...
The kobold hits you but does no damage.
The helpless endoplasm fails to defend itself.
You impale the endoplasm!!
You kill the endoplasm!
Casting: Ensorcelled Hibernation (safe; 13% risk of failure)
Confirm with . or Enter, or press ? or * to list all spells.
Aiming: Ensorcelled Hibernation (safe; 13% risk of failure)
Press: ? - help, Shift-Dir - straight line, f - kobold
Aim: a kobold, wielding a +0 dagger (chance to affect: 59%)
The kobold resists with significant effort.
The kobold completely misses you.
You barely miss the kobold. The kobold misses you.
The hobgoblin closely misses you.
You hit the kobold but do no damage. The kobold hits you with a +0 dagger.
The hobgoblin hits you.
You die...

......# #.....##
........ ###
######.....###. ..# r
#.##........... #.####.#
#.##..(........
........##.##...g.......
...........##...@K......
##....#. #......#######.
##....#.##......#
##....#..#......#
##....##.#.##.......
##..).##...#######...
.#....###..# .. ......#
#..# ... #..#### #..####
.....


You could see a hobgoblin and a kobold.

Vanquished Creatures
  A dart slug (D:1)
  3 endoplasms (D:1)
  2 kobolds (D:1)
  A quokka (D:1)
  A bat (D:1)
  A rat (D:1)
9 creatures vanquished.

Notes
Turn   | Place    | Note
-------+----------+-------------------------------------------
     0 | D:1      | being54 the Spriggan Enchanter began the quest for the Orb.
     0 | D:1      | Reached XP level 1. HP: 9/9 MP: 5/5
   106 | D:1      | Reached skill level 5 in Stealth
   106 | D:1      | Reached XP level 2. HP: 4/13 MP: 3/6
   322 | D:1      | Learned a level 2 spell: Ensorcelled Hibernation
   352 | D:1      | Slain by a hobgoblin

Illustrated notes

Levels and vault maps discovered:
D:1:      psy_arrival_dodecagon, layout_basic, serial_curves, eino_curves_04,
          eino_curves_02, eino_curves_02, minmay_worlds_worst_comb

Skill      XL: |  1 |
---------------+----+-----
Stealth        | 5 |  5.1
Short Blades   | |  1.2
Dodging        | |  2.8
Spellcasting   | |  2.7
Hexes          | |  3.9

Action                   || total
-------------------------++-------
Melee: Dagger            ||    23
 Cast: Ensorcelled Hiber ||     2
 Stab: Sleeping          ||     4
Armor: Robe              ||     3
Dodge: Dodged            ||    13

Table legend: (Time is in decaauts)
 A = Elapsed time spent in this place.
 B = Non-inter-level travel time spent in this place.
 C = Inter-level travel time spent in this place.
 D = Time resting spent in this place.
 E = Time spent auto-exploring this place.
 F = Levels seen in this place.
 G = Mean time per level.
                   A        B        C        D        E       F      G
               +--------+--------+--------+--------+--------+-----+--------+
         Total |    307 |    307 |      0 |    209 |     47 |   1 |  307.0 |
       Dungeon |    307 |    307 |      0 |    209 |     47 |   1 |  307.0 |
               +--------+--------+--------+--------+--------+-----+--------+

Top non-repeatable levels by time:
     D:1: 307 daAuts
